 Dungeon Crawl Stone Soup version 0.27.1 (webtiles) character file.

Game seed: 6294027421726173094

2014 bnorton916 the Vexing (level 9, -6/45 HPs)
             Began as a Deep Elf Conjurer on Aug 24, 2021.
             Was an Initiate of Vehumet.
             Killed from afar by a manticore (22 damage)
             ... with a volley of spikes
             ... on level 6 of the Dungeon.
             The game lasted 00:10:37 (9383 turns).

bnorton916 the Vexing (Deep Elf Conjurer)           Turns: 9383, Time: 00:10:38

Health: -6/45      AC:  9    Str:  5    XL:     9   Next: 2%
Magic:  9/20       EV: 12    Int: 26    God:    Vehumet [......]
Gold:   185        SH:  0    Dex: 13    Spells: 3/20 levels left

rFire    . . .     SeeInvis .   e - +2 dagger (elec)
rCold    . . .     Faith    .   (no shield)
rNeg     . . .     Spirit   .   a - +0 robe
rPois    .         Reflect  .   h - +0 helmet
rElec    .         Harm     .   o - +1 cloak
rCorr    .         Rampage  .   (no gloves)
Will     .....                  (no boots)
Stlth    ++........             (no amulet)
HPRegen  0.15/turn              c - +4 ring of protection
MPRegen  0.17/turn              l - ring of flight

@: spiked, flying
A: no striking features
a: Renounce Religion


You were on level 6 of the Dungeon.
You worshipped Vehumet.
Vehumet was noncommittal.
You visited 2 branches of the dungeon, and saw 7 of its levels.
You also visited: Ossuary.

You collected 185 gold pieces.

Inventory:

Hand Weapons
 e - a +2 dagger of electrocution (weapon)
 f - a +2 dagger of venom
Missiles
 b - 153 stones
Armour
 a - a +0 robe (worn)
 h - a +0 helmet (worn)
 o - a +1 cloak (worn)
Jewellery
 c - a +4 ring of protection (left hand)
 l - a ring of flight (right hand)
 n - a ring of see invisible
 p - a ring of protection from fire
Wands
 A - a wand of flame (14)
 C - a wand of iceblast (4)
Scrolls
 d - 2 scrolls of enchant armour
 g - 2 scrolls of blinking
 j - 2 scrolls of immolation
 s - a scroll of fog
 t - a scroll of vulnerability {unknown}
 v - 2 scrolls of teleportation
 x - a scroll of identify
 y - a scroll of magic mapping {unknown}
 B - a scroll of holy word {unknown}
Potions
 i - a potion of degeneration {unknown}
 k - 2 potions of mutation
 m - 5 potions of curing
 q - a potion of berserk rage {unknown}
 r - 2 potions of heal wounds {unknown}
 u - 3 potions of might {unknown}
 w - a potion of invisibility {unknown}
 z - a potion of attraction {unknown}


   Skills:
 + Level 3.4 Armour
 - Level 2.4 Dodging
 - Level 2.4 Stealth
 - Level 6.2 Spellcasting
 - Level 6.4 Conjurations
 + Level 6.7 Hexes
 + Level 2.2 Summonings
 + Level 5.5 Translocations
 + Level 4.0 Ice Magic
 + Level 2.4 Poison Magic


You had 3 spell levels left.
You knew the following spells:

 Your Spells              Type           Power      Damage    Failure   Level
a - Magic Dart            Conj           100%       1d8       1%          1
b - Searing Ray           Conj           82%        3d6       1%          2
c - Fulminant Prism       Conj/Hex       21%        3d13      4%          4
d - Iskenderun's Mystic   Conj/Tloc      39%        2d9       6%          4
e - Summon Ice Beast      Ice/Summ       24%        N/A       19%         4
f - Poisonous Vapours     Pois/Air       28%        N/A       6%          2

Your spell library contained the following spells:

 Spells                   Type           Power      Damage    Failure   Level
 Dazzling Flash           Conj/Hex       84%        N/A       1%          3
 Sting                    Tmut/Pois      56%        1d5       4%          1
 Cause Fear               Hex            21%        N/A       4%          4
 Olgreb's Toxic Radiance  Pois           20%        N/A       24%         4
 Summon Mana Viper        Hex/Summ       31%        N/A       30%         5
 Dragon Form              Tmut           4%         N/A       100%        7
 Monstrous Menagerie      Summ           9%         N/A       100%        7
 Dragon's Call            Summ           9%         N/A       100%        9


Dungeon Overview and Level Annotations

Branches:
Dungeon (6/15)             Temple (1/1) D:6         Ossuary (visited)

Altars:
Ashenzari
Cheibriados
Dithmenos
Elyvilon
Fedhas
Hepliaklqana
Kikubaaqudgha
Makhleb
Nemelex Xobeh
Qazlal
Ru
Sif Muna
Trog
Uskayaw
Vehumet
Wu Jian
Xom
Yredelemnul
Zin
The Shining One

Shops:
D:2 [   D:5 *


Message History

The manticore flicks its tail.
The volley of spikes hits you!!
The barbed spikes become lodged in your body.
Casting: Fulminant Prism (dangerous; 4% risk of failure)
Confirm with . or Enter, or press ? or * to list all spells.
Aiming: Magic Dart (safe; 1% risk of failure)
Press: ? - help, Shift-Dir - straight line, f - manticore
Aim: a manticore (lightly wounded, ally target, 100% to hit)
The magic dart hits the manticore.
The manticore is moderately wounded.
Your fulminant prism crackles loudly.
Unknown command.
Casting: Magic Dart (safe; 1% risk of failure)
Confirm with . or Enter, or press ? or * to list all spells.
Aiming: Magic Dart (safe; 1% risk of failure)
Press: ? - help, Shift-Dir - straight line, f/p - manticore
Aim: a manticore (moderately wounded, ally target, 100% to hit)
The magic dart hits the manticore but does no damage.
The manticore is moderately wounded.
Your fulminant prism explodes!
The blast of energy engulfs the manticore!!
The manticore is severely wounded.
Unknown command.
Casting: Magic Dart (safe; 1% risk of failure)
Confirm with . or Enter, or press ? or * to list all spells.
Aiming: Searing Ray (safe; 1% risk of failure)
Press: ? - help, Shift-Dir - straight line, f/p - manticore
Aim: a manticore (severely wounded, 89% to hit)
The searing ray hits the manticore.
The manticore is severely wounded. (Press . to maintain the ray.)
The manticore flicks its tail.
The volley of spikes hits you!
The barbed spikes become lodged in your body.
The searing ray hits the manticore.
The manticore is almost dead.
The manticore flicks its tail.
The volley of spikes hits you!!
The barbed spikes become lodged in your body.
You die...

...... #..# ## ......
#..### # .#### ##...##
## ## #.....### ##. #
##.......#####.. ##
#...###.....#... .#
##..## ###......# .##
..######...# ###...##
..#
....H..@..#########....#
..#####. ..........#
#...##...... ........
#######...# #.#.........
..##....
##...##..#........ .##
#.. ##..###.####))... .#
..## ##..##..####.[.. .#
#..# #..#....##..)#. .#
..# #....#.....### .#
#.## ##.....#..>.###


You could see a manticore.

Vanquished Creatures
  A shadow (D:5)
  A water moccasin (D:6)
  An orc warrior (D:6)
  An ogre (D:3)
  3 elf zombies (Ossuary)
  3 scorpions
  4 centaur zombies (Ossuary)
  A centaur skeleton (D:6)
  6 hounds
  A bullfrog skeleton (D:6)
  A gnoll shaman (D:5)
  4 orc priests
  5 human zombies (Ossuary)
  3 jellies
  Jessica (D:2)
  3 iguanas
  4 orc wizards
  3 mummies (Ossuary)
  5 adders
  4 gnolls
  2 ufetubi (D:5)
  A worm (D:2)
  4 dart slugs
  13 orcs
  12 endoplasms
  2 giant cockroaches (D:1)
  4 goblins
  A hobgoblin (D:4)
  2 jackals (D:1)
  4 kobolds
  5 quokkas
  12 ball pythons
  2 frilled lizards (D:1)
  7 rats
126 creatures vanquished.

Vanquished Creatures (others)
  A hobgoblin (D:2)
  A kobold (D:2)
  2 fulminant prisms (D:6)
4 creatures vanquished.

Grand Total: 130 creatures vanquished

Notes
Turn   | Place    | Note
-------+----------+-------------------------------------------
     0 | D:1      | bnorton916 the Deep Elf Conjurer began the quest for the
                  | Orb.
     0 | D:1      | Reached XP level 1. HP: 10/10 MP: 6/6
   105 | D:1      | Reached XP level 2. HP: 15/15 MP: 2/8
   521 | D:1      | Reached skill level 5 in Conjurations
   521 | D:1      | Reached XP level 3. HP: 19/19 MP: 3/10
  1221 | D:2      | Learned a level 2 spell: Searing Ray
  1422 | D:2      | Found a faded altar of an unknown god.
  1599 | D:2      | Noticed Jessica
  1601 | D:2      | Killed Jessica
  1602 | D:2      | Reached XP level 4. HP: 24/24 MP: 8/12
  1855 | D:2      | Reached skill level 5 in Spellcasting
  2012 | D:2      | Found Losug's Armour Shop.
  2513 | D:3      | Noticed an ogre
  2517 | D:3      | Killed an ogre
  2518 | D:3      | Reached XP level 5. HP: 28/28 MP: 9/15
  2523 | D:3      | Learned a level 4 spell: Fulminant Prism
  2528 | D:3      | Learned a level 4 spell: Iskenderun's Mystic Blast
  3378 | D:4      | Reached XP level 6. HP: 32/32 MP: 13/17
  3458 | D:4      | Reached skill level 1 in Hexes
  3594 | D:4      | Reached skill level 1 in Translocations
  3658 | D:4      | Found a stormy altar of Qazlal.
  4265 | D:4      | Found a hazy altar of Hepliaklqana.
  4270 | D:4      | Found a sparkling altar of Nemelex Xobeh.
  4663 | D:5      | Entered Level 5 of the Dungeon
  4694 | D:5      | Noticed a shadow
  4694 | D:5      | Found Etsuenn's Mayhem Merchandise.
  4695 | D:5      | Found a sand-covered staircase.
  4699 | D:5      | Killed a shadow
  4700 | D:5      | Reached skill level 1 in Armour
  4700 | D:5      | Reached XP level 7. HP: 36/36 MP: 12/18
  4741 | D:5      | Learned a level 4 spell: Summon Ice Beast
  4742 | Ossuary  | Entered an ossuary
  5030 | Ossuary  | Reached skill level 1 in Ice Magic
  5404 | Ossuary  | Reached skill level 5 in Hexes
  5699 | Ossuary  | Reached XP level 8. HP: 35/41 MP: 9/19
  6330 | D:5      | Found a shimmering blue altar of Sif Muna.
  6528 | D:5      | Learned a level 2 spell: Poisonous Vapours
  6802 | D:5      | Found a radiant altar of Vehumet.
  6805 | D:5      | Became a worshipper of Vehumet
  6970 | D:5      | Reached skill level 5 in Translocations
  7404 | D:6      | Reached skill level 1 in Poison Magic
  7811 | D:6      | Reached skill level 1 in Summonings
  8743 | D:6      | Found a staircase to the Ecumenical Temple.
  8755 | Temple   | Entered the Ecumenical Temple
  9123 | D:6      | Reached XP level 9. HP: 38/45 MP: 13/20
  9373 | D:6      | Noticed a manticore
  9383 | D:6      | Killed from afar by a manticore

Illustrated notes

Levels and vault maps discovered:
D:1:      dpeg_arrival_signposts, layout_basic, minmay_misc_feat_chi
D:2:      layout_loops_ring, shapermc_ecumenical_altar_mp_highgroup,
          serial_shops, nicolae_shop_behind_doors, lemuel_old_faithful,
          uniq_jessica
D:3:      layout_basic
D:4:      layout_basic, mainiacjoe_overflow_big_doors,
          nicolae_qazlal_scattered_showers
D:5:      layout_basic, mainiacjoe_overflow_alcove_1, kennysheep_mini,
          enter_ossuary_1, minmay_shop_mayhem, minmay_misc_feat_columns,
          st_stairs_10
D:6:      layout_layer_cave, minmay_temple_entry_wispy,
          nicolae_underground_beach
Temple:   regret_index_temple_waves

Skill      XL: |  1  2  3  4  5  6  7  8 |
---------------+-------------------------+-----
Spellcasting   | 4 5 6 |  6.2
Conjurations   | 5 6 |  6.4
Hexes          | 4 5 6 |  6.7
Translocations | 3 4 5 |  5.5
Armour         | 1 2 3 |  3.4
Ice Magic      | 2 4 |  4.0
Poison Magic   | 2 |  2.4
Summonings     | 2 |  2.2
Dodging        | |  2.4
Stealth        | |  2.4

Action                   |  1- 3 |  4- 6 |  7- 9 || total
-------------------------+-------+-------+-------++-------
Melee: Dagger            |    10 |       |     2 ||    12
 Cast: Magic Dart        |    61 |    82 |    68 ||   211
       Searing Ray       |     1 |    11 |    30 ||    42
       Fulminant Prism   |       |       |     2 ||     2
  Use: Scroll            |       |     8 |       ||     8
Armor: Robe              |     3 |     4 |    23 ||    30
Dodge: Dodged            |    10 |     5 |    31 ||    46
